 Dungeon Crawl Stone Soup version 0.26-b1-32-g5d43845318 (webtiles) character file.

Game seed: 377876111862842603

104 Borgoz the Skirmisher (level 4, -3/40 HPs)
             Began as a Ghoul Abyssal Knight on Jan 13, 2021.
             Was a Believer of Lugonu.
             Slain by a kobold (4 damage)
             ... on level 3 of the Dungeon.
             The game lasted 00:03:32 (3092 turns).

Borgoz the Skirmisher (Ghoul Abyssal Knight)        Turns: 3092, Time: 00:03:33

Health: -3/40      AC:  6    Str: 15    XL:     4   Next: 80%
Magic:  4/4        EV: 10    Int:  7    God:    Lugonu [**....]
Gold:   117        SH:  3    Dex:  9    Spells: 3/3 levels left

rFire    . . .     SeeInvis .     - Unarmed
rCold    + . .     Faith    .   l - +0 buckler
rNeg     + + +     Spirit   .   m - +0 ring mail
rPois    ∞         Reflect  .   (no helmet)
rElec    .         Harm     .   k - +0 cloak
rCorr    .         Rampage  .   (no gloves)
Will     .....                  (no boots)
Stlth    ..........             (no amulet)
HPRegen  0.00/turn              (no ring)
MPRegen  0.09/turn              (no ring)

@: no status effects
A: claws 1, cold resistance 1, negative energy resistance 3, inhibited
regeneration, torment resistance, unbreathing
a: Renounce Religion, Depart the Abyss, Bend Space


You were on level 3 of the Dungeon.
You worshipped Lugonu.
Lugonu was pleased with you.
You visited 1 branch of the dungeon, and saw 3 of its levels.
You visited the Abyss 1 time.

You collected 117 gold pieces.

Inventory:

Armour
 k - a +0 cloak (worn)
 l - a +0 buckler (worn)
 m - a +0 ring mail (worn)
Scrolls
 b - a scroll of enchant armour {unknown}
 c - a scroll of teleportation {unknown}
 g - a scroll of random uselessness {unknown}
 i - 2 scrolls of fog {unknown}
 j - a scroll of remove curse {unknown}
Potions
 a - a potion of cancellation
 h - a potion of flight


   Skills:
 + Level 4.0 Fighting
 + Level 2.6 Armour
 + Level 2.0 Dodging
 + Level 0.5 Shields
 + Level 3.1 Unarmed Combat
 - Level 2.0 Invocations


You had 3 spell levels left.
You didn't know any spells.
Your spell library was empty.

Dungeon Overview and Level Annotations

Branches:
Dungeon (3/15)

Altars:
Yredelemnul


Innate Abilities, Weirdness & Mutations

You thrive by killing the living.
You are immune to poison.
You have sharp fingernails.
Your flesh is cold resistant. (rC+)
You are immune to negative energy. (rN+++)
You do not regenerate when monsters are visible.
You are immune to unholy pain and torment.
You can survive without breathing.


Message History

Beogh smites you! The kobold barely misses you.
You are too injured to fight recklessly!
You are too injured to fight recklessly!
You are too injured to fight recklessly!
You scratch the orc priest.
The orc priest is heavily wounded.
The bat hits you but does no damage. The orc priest barely misses you.
The kobold barely misses you.
You claw the orc priest!
The orc priest is almost dead.
The orc priest hits you. You block the bat's attack.
The kobold hits you but does no damage.
You scratch the orc priest but do no damage.
The orc priest is almost dead.
The bat barely misses you.
The orc priest invokes the aid of Beogh against you.
Beogh smites you!
* * * LOW HITPOINT WARNING * * *
The kobold hits you.
You die...

..... ..... .....
.#.....$# .....[
........# ......
##.......#
#.....##........#
!...............#
...........b...#
.....(.<.......#
........K@o....#
........=..(...#
...............#
<..............#
.......<......##
#.....##.....##
...... #######
##...# ####


You could see an orc priest, a bat and a kobold.

Vanquished Creatures
  4 adders (D:2)
  A worm (D:2)
  A dart slug (D:1)
  7 orcs (D:2)
  3 giant cockroaches
  6 hobgoblins
  4 jackals (D:1)
  8 bats
  3 frilled lizards (D:1)
  2 gnoll zombies (D:2)
  5 goblins
  7 kobolds
  3 rats
54 creatures vanquished.

Notes
Turn   | Place    | Note
-------+----------+-------------------------------------------
     0 | Abyss:1  | Borgoz the Ghoul Abyssal Knight began the quest for the
                  | Orb.
     0 | Abyss:1  | Reached XP level 1. HP: 19/19 MP: 1/1
    57 | Abyss:1  | Found a corrupted altar of Lugonu.
    98 | Abyss:1  | Noticed a wretched star
   103 | D:1      | Escaped the Abyss
   207 | D:1      | Reached skill level 1 in Dodging
   324 | D:1      | Reached XP level 2. HP: 25/26 MP: 2/2
   340 | D:1      | Reached * piety under Lugonu
  1255 | D:1      | Reached XP level 3. HP: 31/31 MP: 3/3
  2291 | D:2      | Reached XP level 4. HP: 36/40 MP: 4/4
  2412 | D:2      | Found a basalt altar of Yredelemnul.
  2541 | D:2      | Reached skill level 4 in Fighting
  2861 | D:2      | Reached ** piety under Lugonu
  3092 | D:3      | HP: 1/40 [orc priest/divine providence (13)]
  3092 | D:3      | Slain by a kobold

Illustrated notes

Levels and vault maps discovered:
D:1:      dpeg_arrival_tiny_a, layout_basic, minmay_tromino_i2
D:2:      layout_basic, lemuel_zombie_altar_yredelemnul
D:3:      layout_rooms, grunt_temple_overflow_open, uniq_natasha

Skill      XL: |  1  2  3  4 |
---------------+-------------+-----
Dodging        | 1 2 |  2.0
Armour         | 2 |  2.6
Unarmed Combat | 3 |  3.1
Fighting       | 4 |  4.0
Shields        | |  0.5
Invocations    | |  2.0

Action                   |  1- 3 |  4- 6 || total
-------------------------+-------+-------++-------
Melee: Unarmed           |   146 |   111 ||   257
       Punch             |     3 |       ||     3
Invok: Depart the Abyss  |     1 |       ||     1
  Use: Scroll            |       |     4 ||     4
Armor: Leather armour    |    38 |       ||    38
       Ring mail         |       |    57 ||    57
Dodge: Dodged            |    64 |    89 ||   153
Block: Buckler           |     1 |    14 ||    15
